 Dungeon Crawl Stone Soup version 0.29-a0-1043-g569b05d6ff (webtiles) character file.

Game seed: 13531932500504001158

190 SensoryNuts the Slasher (level 5, -10/41 HPs)
             Began as a Demonspawn Fighter on Aug 15, 2022.
             Mangled by an ice beast (14 damage)
             ... on level 4 of the Dungeon.
             The game lasted 00:02:32 (3576 turns).

SensoryNuts the Slasher (Demonspawn Fighter)        Turns: 3576, Time: 00:02:32

Health: -10/41     AC:  8    Str: 18    XL:     5   Next: 41%
Magic:  5/5        EV:  9    Int: 15    God:
Gold:   128        SH:  4    Dex: 13    Spells: 4/4 levels left

rFire   . . .      SeeInvis .   a - +0 long sword
rCold   . . .      Faith    .   c - +0 buckler
rNeg    . . .      Spirit   .   b - +0 scale mail
rPois   .          Reflect  .   (helmet restricted)
rElec   .          Harm     .   (no cloak)
rCorr   .          Rampage  .   (no gloves)
Will    .....                   (no boots)
Stlth   ..........              j - amulet of the acrobat
HPRegen 0.13/turn               i - +6 ring of intelligence
MPRegen 0.09/turn               (no ring)

@: mighty
A: horns 1, icy blue scales 1
a: no special abilities


You were on level 4 of the Dungeon.
You visited 1 branch of the dungeon, and saw 4 of its levels.

You collected 128 gold pieces.

Inventory:

Hand Weapons
 a - a +0 long sword (weapon)
Armour
 b - a +0 scale mail (worn)
 c - a +0 buckler (worn)
Jewellery
 i - a +6 ring of intelligence (left hand)
 j - an amulet of the acrobat (around neck)
 k - a ring of fire
Scrolls
 e - a scroll of enchant armour
 h - 2 scrolls of poison
 l - a scroll of immolation
 m - a scroll of amnesia
 q - a scroll of vulnerability
Potions
 f - a potion of cancellation {unknown}
 g - a potion of curing
 n - a potion of lignification
 o - 2 potions of attraction


   Skills:
 + Level 3.5 Fighting
 + Level 3.9 Long Blades
 + Level 3.4 Armour
 + Level 0.1 Dodging
 + Level 0.2 Stealth
 + Level 3.2 Shields


You had 4 spell levels left.
You didn't know any spells.
Your spell library contained the following spells:

 Spells                   Type           Power      Damage    Failure   Level
 Sting                    Tmut/Pois      0%         1d3       73%         1
 Poisonous Vapours        Pois/Air       0%         N/A       86%         2
 Stone Arrow              Conj/Erth      0%         3d7       97%         3
 Animate Armour           Summ/Erth      0%         N/A       100%        4
 Olgreb's Toxic Radiance  Pois           0%         N/A       100%        4
 Lehudib's Crystal Spear  Conj/Erth      0%         10d2      100%        8


Dungeon Overview and Level Annotations

Branches:
Dungeon (4/15)
 Temple: D:4-7

Altars:


Innate Abilities, Weirdness & Mutations

You have a pair of small horns on your head.
You are partially covered in icy blue scales. (AC +2)


Message History

The ice beast misses you.
You slash the ice beast!
The ice beast is moderately wounded.
The ice beast hits you. The ice beast freezes you!
You slash the ice beast!
The ice beast is heavily wounded.
The ice beast hits you but does no damage.
You hit the ice beast. You headbutt the ice beast.
The ice beast is severely wounded.
You block the ice beast's attack.
You barely miss the ice beast.
The ice beast is severely wounded.
The ice beast hits you. The ice beast freezes you!
You are too injured to fight recklessly!
You are too injured to fight recklessly!
You are too injured to fight recklessly!
You are too injured to fight recklessly!
You are too injured to fight recklessly!
You are too injured to fight recklessly!
You are too injured to fight recklessly!
You are too injured to fight recklessly!
You are too injured to fight recklessly!
You are too injured to fight recklessly!
You are too injured to fight recklessly!
You are too injured to fight recklessly!
You are too injured to fight recklessly!
You are too injured to fight recklessly!
You are too injured to fight recklessly!
Unknown command.
You feel very mighty all of a sudden. The ice beast hits you.
* * * LOW HITPOINT WARNING * * *
The ice beast freezes you.
* * * LOW HITPOINT WARNING * * *
You hit the ice beast.
The ice beast is almost dead.
The ice beast hits you.
* * * LOW HITPOINT WARNING * * *
The ice beast freezes you!
You die...

.# ##.# #..
...## #.# #...
#.# #..# #.#
#..# #.# #Y.#
#.# #@.##### #^#
#......#. #<#
#........ #.#
#.######.
#######.###.# ..
#...........##.#
#.#####.###....#
#........#
########.#


You could see an ice beast.

Vanquished Creatures
  Natasha (thrice) (D:3)
  2 gnolls (D:1)
  3 adders (D:2)
  2 dart slugs
  4 bats
  6 endoplasms
  8 giant cockroaches
  10 goblins
  4 hobgoblins
  4 kobolds
  2 quokkas (D:1)
  6 ball pythons
  A frilled lizard (D:3)
  4 rats
59 creatures vanquished.

Notes
Turn   | Place    | Note
-------+----------+-------------------------------------------
     0 | D:1      | SensoryNuts the Demonspawn Fighter began the quest for the
                  | Orb.
     0 | D:1      | Reached XP level 1. HP: 18/18 MP: 1/1
    38 | D:1      | Gained mutation: You are partially covered in icy blue
                  | scales. (AC +2) [demonic ancestry]
    38 | D:1      | Reached XP level 2. HP: 24/24 MP: 2/2
   233 | D:1      | Gained mutation: You have a pair of small horns on your
                  | head. [demonic ancestry]
   233 | D:1      | Reached XP level 3. HP: 24/29 MP: 3/3
  1449 | D:2      | Reached XP level 4. HP: 35/35 MP: 4/4
  2245 | D:3      | Found a faded altar of an unknown god.
  2475 | D:3      | Noticed Natasha
  2487 | D:3      | Killed Natasha
  2488 | D:3      | Reached XP level 5. HP: 14/41 MP: 5/5
  2941 | D:3      | Noticed Natasha
  2947 | D:3      | Killed Natasha
  3368 | D:3      | Noticed Natasha
  3379 | D:3      | Killed Natasha
  3567 | D:4      | Noticed an ice beast
  3576 | D:4      | Mangled by an ice beast

Illustrated notes

Levels and vault maps discovered:
D:1:      dpeg_arrival_oval, layout_loops_ring, dreamdust_princess_corridor,
          minmay_misc_feat_roman
D:2:      layout_loops_cross
D:3:      layout_basic, hellmonk_ecumenical_altar_run_dry, uniq_natasha
D:4:      black_bear_nest_1, layout_loops_ring

Skill      XL: |  1  2  3  4 |
---------------+-------------+-----
Armour         | 3 |  3.4
Shields        | 3 |  3.2
Long Blades    | 2 3 |  3.9
Fighting       | |  3.5
Dodging        | |  0.1
Stealth        | |  0.2

Action                   |  1- 3 |  4- 6 || total
-------------------------+-------+-------++-------
Melee: Long sword        |    89 |    64 ||   153
       Headbutt          |     9 |     9 ||    18
  Use: Scroll            |       |     9 ||     9
       Potion            |       |     5 ||     5
Armor: Scale mail        |    43 |    23 ||    66
Dodge: Dodged            |    34 |    33 ||    67
Block: Buckler           |    26 |    18 ||    44

Table legend: (Time is in decaauts)
 A = Elapsed time spent in this place.
 B = Non-inter-level travel time spent in this place.
 C = Inter-level travel time spent in this place.
 D = Time resting spent in this place.
 E = Time spent auto-exploring this place.
 F = Levels seen in this place.
 G = Mean time per level.
                   A        B        C        D        E       F      G
               +--------+--------+--------+--------+--------+-----+--------+
         Total |   3618 |   3333 |    285 |    454 |   2453 |   4 |  904.5 |
       Dungeon |   3618 |   3333 |    285 |    454 |   2453 |   4 |  904.5 |
               +--------+--------+--------+--------+--------+-----+--------+

Top non-repeatable levels by time:
     D:3: 1591 daAuts
     D:1: 1272 daAuts
     D:2: 731 daAuts
     D:4: 22 daAuts
